 Seeded DCSS version 0.27-a0-1188-g73eefd5def (webtiles) character file.

Game seed: 16286529635872454380 (custom seed)

49 Shayle the Sneak (level 3, -8/26 HPs)
             Began as a Demonspawn Enchanter on May 20, 2021.
             Mangled by an ogre
             ... wielding a +0 giant club
              (15 damage)
             ... on level 4 of the Dungeon.
             The game lasted 00:07:29 (3242 turns).

Shayle the Sneak (Demonspawn Enchanter)             Turns: 3242, Time: 00:07:29

Health: -8/26      AC:  2    Str:  8    XL:     3   Next: 53%
Magic:  4/6        EV: 12    Int: 16    God:
Gold:   81         SH:  0    Dex: 16    Spells: 0/6 levels left

rFire    . . .     SeeInvis .   a - +1 dagger
rCold    . . .     Faith    .   (no shield)
rNeg     . . .     Spirit   .   b - +0 robe
rPois    .         Reflect  .   (no helmet)
rElec    .         Harm     .   (no cloak)
rCorr    .         Rampage  .   (no gloves)
Will     .....                  (no boots)
Stlth    ++++......             (no amulet)
HPRegen  0.08/turn              (no ring)
MPRegen  0.10/turn              (no ring)

@: no status effects
A: hooves 1, thin skeletal structure 1, wild magic 1
a: no special abilities


You were on level 4 of the Dungeon.
You visited 1 branch of the dungeon, and saw 3 of its levels.

You collected 81 gold pieces.

Inventory:

Hand Weapons
 a - a +1 dagger (weapon)
Armour
 b - a +0 robe (worn)
Jewellery
 g - a ring of resist corrosion
Scrolls
 c - a scroll of torment {unknown}
 e - a scroll of immolation {unknown}
 f - a scroll of vulnerability {unknown}
 h - a scroll of teleportation {unknown}


   Skills:
 + Level 1.4 Fighting
 - Level 0.8 Short Blades
 + Level 2.4 Dodging
 * Level 3.5 Stealth
 - Level 2.0 Spellcasting
 - Level 3.0 Hexes


You couldn't memorise any spells.
You knew the following spells:

 Your Spells              Type           Power      Damage    Failure   Level
a - Corona                Hex            15%        N/A       10%         1
b - Ensorcelled Hibernat  Hex/Ice        16%        N/A       24%         2
c - Confusing Touch       Hex            14%        N/A       26%         3

Your spell library contained the following spells:

 Spells                   Type           Power      Damage    Failure   Level
 Tukima's Dance           Hex            14%        N/A       26%         3
 Animate Skeleton         Necr           4%         N/A       28%         1
 Apportation              Tloc           4%         N/A       28%         1
 Summon Small Mammal      Summ           8%         N/A       28%         1
 Dazzling Flash           Conj/Hex       16%        N/A       41%         3


Dungeon Overview and Level Annotations

Branches:
Dungeon (2/15)

Altars:

Shops:
D:4 [


Innate Abilities, Weirdness & Mutations

You have large cloven feet.
You have a somewhat thin skeletal structure. (Dex +2, Stealth+)
Your spells are a little harder to cast, but a little more powerful.


Message History

Okay, then.
It was a potion of mutation.
You feel extremely strange.
You feel less in control of your magic.
The hobgoblin hits you with a +0 great mace.
* * * LOW HITPOINT WARNING * * *
The hobgoblin misses you. The hobgoblin barely misses you.
The hobgoblin hits you with a +0 great mace.
* * * LOW HITPOINT WARNING * * *
There is a shaft here.
You fall into a shaft and drop 2 floors!
The shaft crumbles and collapses.
A quokka and a gnoll come into view.
Found Balew's Antique Armour Emporium.
An ogre comes into view. It is wielding a +0 giant club.
Casting: Ensorcelled Hibernation (quite dangerous; 24% risk of failure)
Confirm with . or Enter, or press ? or * to list all spells.
The spell is quite dangerous to cast (24% risk of failure)!
Continue anyway? [Y]es or [N]o only, please.
The spell is quite dangerous to cast (24% risk of failure)!
Continue anyway?
Okay, then.
Casting: Ensorcelled Hibernation (quite dangerous; 24% risk of failure)
Confirm with . or Enter, or press ? or * to list all spells.
The spell is quite dangerous to cast (24% risk of failure)!
Continue anyway?
Okay, then.
Casting: Ensorcelled Hibernation (quite dangerous; 24% risk of failure)
Confirm with . or Enter, or press ? or * to list all spells.
The spell is quite dangerous to cast (24% risk of failure)!
Continue anyway?
Aiming: Ensorcelled Hibernation (quite dangerous; 24% risk of failure)
Press: ? - help, Shift-Dir - straight line, f - ogre
Aim: an ogre, wielding a +0 giant club (wandering, hasn't noticed you, chance to affect: 39%)
The ogre shouts!
The ogre looks drowsy...
You hear a shout!
The helpless ogre fails to defend itself.
You puncture the ogre!
The ogre is severely wounded.
The ogre hits you with a +0 giant club!
Ouch! That really hurt!
You die...

#.........r.g..
#..............
#........r..8..
#.........g....
###........#∩##
#........#
#........#
#...O....#.
#..@......8
#..........#
#........###
##########


You could see an ogre, a gnoll and a quokka.

Vanquished Creatures
  3 worms (D:2)
  7 ball pythons
  5 endoplasms
  3 giant cockroaches
  3 goblins (D:1)
  A hobgoblin (D:1)
  2 jackals (D:1)
  2 quokkas (D:2)
  2 frilled lizards (D:2)
  5 kobolds
  2 rats
35 creatures vanquished.

Vanquished Creatures (others)
  A ball python (D:1)
1 creature vanquished.

Grand Total: 36 creatures vanquished

Notes
Turn   | Place    | Note
-------+----------+-------------------------------------------
     0 | D:1      | Shayle the Demonspawn Enchanter began the quest for the
                  | Orb.
     0 | D:1      | Reached XP level 1. HP: 13/13 MP: 3/3
   419 | D:1      | Gained mutation: You have a somewhat thin skeletal
                  | structure. (Dex +2, Stealth+) [demonic ancestry]
   419 | D:1      | Reached XP level 2. HP: 3/20 MP: 5/5
   422 | D:1      | Learned a level 2 spell: Ensorcelled Hibernation
   996 | D:1      | Reached skill level 1 in Fighting
  1123 | D:1      | Found a faded altar of an unknown god.
  1876 | D:2      | Gained mutation: You have large cloven feet. [demonic
                  | ancestry]
  1876 | D:2      | Reached XP level 3. HP: 14/26 MP: 3/6
  2286 | D:2      | Learned a level 3 spell: Confusing Touch
  3186 | D:2      | Gained mutation: Your spells are a little harder to cast,
                  | but a little more powerful. [potion of mutation]
  3200 | D:2      | You fall into a shaft and drop 2 floors!
  3200 | D:4      | Found Balew's Antique Armour Emporium.
  3203 | D:4      | Noticed an ogre
  3242 | D:4      | Mangled by an ogre

Illustrated notes

Levels and vault maps discovered:
D:1:      minmay_arrival_five_plusses, layout_loops_ring,
          chequers_ecumenical_altar_twisty, grunt_decor_mini_mirrors,
          lemuel_flame_loot_1
D:2:      layout_basic
D:4:      layout_basic, tso_altar, serial_shops, shop_statue,
          minmay_misc_feat_hallway

Skill      XL: |  1  2 |
---------------+-------+-----
Dodging        | 2 |  2.4
Stealth        | 3 |  3.5
Fighting       | 1 |  1.4
Short Blades   | |  0.8
Spellcasting   | |  2.0
Hexes          | |  3.0

Action                   || total
-------------------------++-------
Melee: Dagger            ||   138
       Kick              ||    11
 Cast: Ensorcelled Hiber ||    25
  Use: Potion            ||     1
 Stab: Sleeping          ||    21
Armor: Robe              ||    17
Dodge: Dodged            ||    94

Table legend: (Time is in decaauts)
 A = Elapsed time spent in this place.
 B = Non-inter-level travel time spent in this place.
 C = Inter-level travel time spent in this place.
 D = Time resting spent in this place.
 E = Time spent auto-exploring this place.
 F = Levels seen in this place.
 G = Mean time per level.
                   A        B        C        D        E       F      G
               +--------+--------+--------+--------+--------+-----+--------+
         Total |   3235 |   3235 |      0 |   1554 |   1052 |   3 | 1078.3 |
       Dungeon |   3235 |   3235 |      0 |   1554 |   1052 |   3 | 1078.3 |
               +--------+--------+--------+--------+--------+-----+--------+

Top non-repeatable levels by time:
     D:2: 1750 daAuts
     D:1: 1443 daAuts
     D:4: 41 daAuts
